 Dungeon Crawl Stone Soup version 0.31-a0-142-g31f6795574 (webtiles) character file.

Game seed: 1353940179421911250

42 pokeman the Magician (level 3, 0/20 HPs)
             Began as a Deep Elf Hedge Wizard on June 3, 2023.
             Succumbed to an adder's poison
             ... on level 2 of the Dungeon.
             The game lasted 00:02:06 (1862 turns).

pokeman the Magician (Deep Elf Hedge Wizard)        Turns: 1862, Time: 00:02:06

Health: 0/20       AC:  2    Str: 13    XL:     3   Next: 35%
Magic:  3/11       EV:  9    Int: 20    God:
Gold:   79         SH:  0    Dex: 14    Spells: 4/12 levels left

rFire   . . .        l - +3 hand axe (venom)
rCold   . . .        (no shield)
rNeg    . . .        b - +0 robe
rPois   .            c - +0 hat
rElec   .            (no cloak)
rCorr   .            (no gloves)
SInv    .            (no boots)
Will    .....        (no amulet)
Stlth   ++           o - +6 ring of strength
HPRegen 0.23/turn    (no ring)
MPRegen 0.12/turn

%: no passive effects
@: lethally poisoned (0 -> -3), constricted
A: no striking features
a: no special abilities


You were on level 2 of the Dungeon.
You visited 1 branch of the dungeon, and saw 2 of its levels.

You collected 79 gold pieces.

Inventory:

Hand Weapons
 l - a +3 hand axe of venom (weapon)
Armour
 b - a +0 robe (worn)
 c - a +0 hat (worn)
 s - an orb of light
Jewellery
 o - a +6 ring of strength (left hand)
Scrolls
 e - a scroll of enchant weapon {unknown}
 f - a scroll of fear {unknown}
 h - 2 scrolls of identify {unknown}
 j - a scroll of teleportation {unknown}
 m - a scroll of acquirement {unknown}
 n - a scroll of magic mapping {unknown}
 p - a scroll of torment {unknown}
 r - a scroll of blinking {unknown}
Potions
 a - 3 potions of heal wounds {unknown}
 d - a potion of magic
 g - a potion of curing {unknown}
 i - a potion of ambrosia {unknown}
 k - 2 potions of lignification {unknown}
 q - a potion of haste {unknown}


   Skills:
 + Level 0.9 Fighting
 + Level 0.8 Armour
 - Level 2.4 Dodging
 - Level 2.4 Stealth
 * Level 5.2 Spellcasting
 + Level 1.8 Conjurations
 - Level 1.1 Summonings
 - Level 1.1 Translocations


You had 4 spell levels left.
You knew the following spells:

 Your Spells              Type           Power      Damage    Failure   Level
a - Magic Dart            Conj           48%        1d5       5%          1
b - Mephitic Cloud        Conj/Pois/Air  7%         N/A       26%         3
c - Call Imp              Summ           18%        N/A       11%         2
d - Blink                 Tloc           18%        N/A       11%         2

Your spell library contained the following spells:

 Spells                   Type           Power      Damage    Failure   Level
 Beastly Appendage        Tmut           10%        N/A       12%         1
 Slow                     Hex            20%        N/A       12%         1
 Cigotuvi's Dreadful Rot  Necr/Pois/Air  10%        N/A       17%         2
 Wereblood                Tmut           5%         N/A       17%         2
 Spider Form              Tmut/Pois      5%         N/A       34%         3


Dungeon Overview and Level Annotations

Branches:
Dungeon (2/15)

Altars:
Dithmenos


Message History

Confirm with . or Enter, or press ? or * to list all spells.
Aiming: Magic Dart (safe; 5% risk of failure)
Press: ? - help, Shift-Dir - straight line, f/p - adder
Aim: an adder (lightly wounded, 100% to hit)
The magic dart hits the adder.
The adder is heavily wounded.
The adder bites you but does no damage. The ball python barely misses you.
The ball python constricts you.
Casting: Magic Dart (safe; 5% risk of failure)
Confirm with . or Enter, or press ? or * to list all spells.
Aiming: Magic Dart (safe; 5% risk of failure)
Press: ? - help, Shift-Dir - straight line, f/p - adder
Aim: an adder (heavily wounded, 100% to hit)
The magic dart hits the adder.
The adder is severely wounded.
The adder bites you.
You are poisoned.
The adder poisons you! The ball python bites you.
The ball python constricts you.
Casting: Magic Dart (safe; 5% risk of failure)
Confirm with . or Enter, or press ? or * to list all spells.
Aiming: Magic Dart (safe; 5% risk of failure)
Press: ? - help, Shift-Dir - straight line, f/p - adder
Aim: an adder (severely wounded, 100% to hit)
The magic dart hits the adder.
The adder is almost dead.
You feel sick. The adder bites you.
* * * LOW HITPOINT WARNING * * *
The ball python bites you.
* * * LOW HITPOINT WARNING * * *
The ball python constricts you. The adder bites you.
* * * LOW HITPOINT WARNING * * *
Casting: Magic Dart (safe; 5% risk of failure)
Confirm with . or Enter, or press ? or * to list all spells.
Aiming: Magic Dart (safe; 5% risk of failure)
Press: ? - help, Shift-Dir - straight line, f/p - adder
Aim: an adder (almost dead, 100% to hit)
The magic dart hits the adder.
You kill the adder!
You die...

#.# #.......#
##'## ##.....##
##...##
#.####...##
#.....###.......##
.......######.#.##
........# ###..#
........# ##.#
........# #.#
.......## #@#
#.....## ......S†#
##...## .......##
##'## ##...## #.#
########## #.# #.#
###.# ###.####.##
#.#.# ..........#
#.#.# #.....##..#
#.#.#


You could see a ball python.

Vanquished Creatures
  2 adders (D:2)
  A dart slug (D:2)
  2 endoplasms (D:1)
  4 giant cockroaches
  3 goblins (D:1)
  2 hobgoblins (D:2)
  A kobold (D:2)
  A quokka (D:2)
  7 ball pythons
  2 bats (D:1)
  8 rats
33 creatures vanquished.

Notes
Turn   | Place    | Note
-------+----------+-------------------------------------------
     0 | D:1      | pokeman the Deep Elf Hedge Wizard began the quest for the
                  | Orb.
     0 | D:1      | Reached XP level 1. HP: 10/10 MP: 7/7
   365 | D:1      | Found a faded altar of an unknown god.
   421 | D:1      | Reached XP level 2. HP: 16/16 MP: 7/9
   950 | D:2      | Found a shadowy altar of Dithmenos.
  1267 | D:2      | Reached skill level 5 in Spellcasting
  1574 | D:2      | Reached XP level 3. HP: 20/20 MP: 6/11
  1578 | D:2      | Learned a level 3 spell: Mephitic Cloud
  1581 | D:2      | Learned a level 2 spell: Call Imp
  1584 | D:2      | Learned a level 2 spell: Blink
  1861 | D:2      | HP: 1/20 [adder (1)]
  1862 | D:2      | Succumbed to an adder's poison

Illustrated notes

Levels and vault maps discovered:
D:1:      dpeg_arrival_long_road, layout_basic,
          hellmonk_ecumenical_altar_blasted, dk_noncrumbling_4, minmay_3d_cube
D:2:      layout_loops_corners, basic_altar, minmay_liquid_box,
          minmay_shallow_snake_nest

Skill      XL: |  1  2 |
---------------+-------+-----
Spellcasting   | 5 |  5.2
Fighting       | |  0.9
Armour         | |  0.8
Dodging        | |  2.4
Stealth        | |  2.4
Conjurations   | |  1.8
Summonings     | |  1.1
Translocations | |  1.1

Action                     || total
---------------------------++-------
  Melee: Dagger            ||     3
   Cast: Magic Dart        ||    76
 Armour: Robe              ||     3
  Dodge: Dodged            ||    15

Table legend: (Time is in decaauts)
 A = Elapsed time spent in this place.
 B = Non-inter-level travel time spent in this place.
 C = Inter-level travel time spent in this place.
 D = Time resting spent in this place.
 E = Time spent auto-exploring this place.
 F = Levels seen in this place.
 G = Mean time per level.
                   A        B        C        D        E       F      G
               +--------+--------+--------+--------+--------+-----+--------+
         Total |   1861 |   1848 |     13 |      0 |   1679 |   2 |  930.5 |
       Dungeon |   1861 |   1848 |     13 |      0 |   1679 |   2 |  930.5 |
               +--------+--------+--------+--------+--------+-----+--------+

Top non-repeatable levels by time:
     D:1: 949 daAuts
     D:2: 912 daAuts
